AoeStats
← Your Mom

Black Forest

510491098Analyzed
2v2 RM · 2d ago on Oct 1, 2026· 62m 19s· 4 players
Game mode
Random Map
Map size
Medium (4 player)
Population
200
Speed
Normal
Resources
Standard
Victory
Conquest
Starting age
Dark Age
Ending age
Imperial Age
RankedLock teamsTeams togetherTeam positionsShared explorationLock speedFull tech treeHidden civsTurbo modeCheats
Victory
Defeat
🇳🇱 Malians · Netherlands
833
+18
🇩🇪 Khmer · Germany
790
+19
🇺🇸 Persians · United States
872
-19
🇨🇳 Franks · China
863
-18
Rilenzo
0:41 Loom
17:35 Feudal Age
22:29 Castle Age
20:12 Man-at-Arms
23:14 Scale Mail Armor
24:11 Long Swordsman
24:56 Double-Bit Axe
25:49 Forging
27:45 Iron Casting
38:48 Fortified Wall
42:30 Fletching
43:14 Ballistics
44:02 Arson
44:18 Squires
44:38 Chain Mail Armor
46:02 Redemption
46:39 Horse Collar
47:11 Bow Saw
49:39 Imperial Age
50:03 Bodkin Arrow
50:41 Two-Handed Swordsman
52:39 Chemistry
51:23 Treadmill Crane
51:29 Elite Gbeto
52:31 Conscription
53:11 Champion
55:26 Plate Mail Armor
56:36 Heavy Plow
61:51 Fervor
62:03 Sanctity
62:18 Theocracy
61:44 Atonement
62:08 Block Printing
61:50 Herbal Medicine
62:27 Crop Rotation
Your Mom
1:10 Loom
11:47 Feudal Age
12:20 Double-Bit Axe
14:02 Horse Collar
20:39 Castle Age
18:50 Gold Mining
20:36 Wheelbarrow
21:55 Husbandry
22:06 Bloodlines
22:19 Bow Saw
26:17 Gold Shaft Mining
25:34 Stone Mining
27:37 Scale Barding Armor
27:43 Forging
27:23 Fletching
27:48 Forging
28:43 Fortified Wall
30:33 Stone Shaft Mining
34:26 Imperial Age
32:20 Hand Cart
32:24 Heavy Plow
32:59 Ballistics
35:47 Conscription
35:31 Double Crossbow
35:34 Tusk Swords
36:41 Crop Rotation
37:03 Elite Battle Elephant
38:23 Siege Engineers
41:49 Elite Ballista Elephant
42:44 Heavy Scorpion
43:44 Pikeman
44:37 Caravan
45:03 Chain Barding Armor
44:45 Scale Mail Armor
45:21 Iron Casting
44:44 Halberdier
48:24 Plate Barding Armor
48:50 Blast Furnace
48:06 Chain Mail Armor
52:48 Capped Ram
52:59 Light Cavalry
54:17 Hussar
56:20 Siege Ram
snacks165x
0:27 Loom
12:22 Feudal Age
13:41 Horse Collar
13:50 Double-Bit Axe
20:15 Castle Age
19:52 Stone Mining
20:08 Gold Mining
21:15 Bow Saw
23:16 Husbandry
23:19 Gambesons
25:33 Heavy Plow
27:47 Herbal Medicine
28:20 Bloodlines
29:11 Stone Shaft Mining
28:29 Fletching
29:44 Light Cavalry
31:15 Wheelbarrow
32:01 Gold Shaft Mining
33:11 Hand Cart
32:44 Town Watch
33:47 Ballistics
33:39 Kamandaran
35:10 Thumb Ring
34:26 Crossbowman
35:04 Bodkin Arrow
35:10 Padded Archer Armor
35:17 Scale Barding Armor
35:22 Forging
35:13 Scale Mail Armor
39:17 Imperial Age
38:10 Caravan
37:51 Pikeman
38:32 Squires
39:13 Leather Archer Armor
39:20 Chain Barding Armor
39:15 Chain Mail Armor
39:36 Iron Casting
40:39 Conscription
40:32 Citadels
39:48 Elite Skirmisher
41:05 Ring Archer Armor
41:41 Chemistry
40:09 Capped Ram
41:22 Crop Rotation
42:20 Two-Man Saw
41:01 Elite War Elephant
41:15 Heavy Camel Rider
44:07 Halberdier
44:33 Arson
46:01 Blast Furnace
45:32 Plate Mail Armor
45:37 Plate Barding Armor
48:10 Man-at-Arms
依文12345
0:41 Loom
14:13 Feudal Age
15:46 Double-Bit Axe
18:58 Man-at-Arms
22:30 Castle Age
20:28 Arson
21:03 Stone Mining
24:43 Bow Saw
27:03 Fortified Wall
26:19 Pikeman
26:22 Crossbowman
34:29 Husbandry
35:17 Gold Mining
Connection lost

Rejoining the realm…

Still unreachable

The connection could not be restored.

Session expired

The server has moved on; the page needs a fresh start.